PL
PANAMA CITY PIRANHAS @ BOSTON PATRIOTS
09/17/2029
 
TOP OF THE 1ST
Panama City Piranhas batting - Pitching for Boston Patriots : RHP John Kaufman
Pitching: RHP John Kaufman
Batting: RHB Juan Jose Ayala 0-0: Foul Ball, location: 2F
0-1: Foul Ball, location: 2F
0-2: Foul Ball, location: 2F
0-2: Ball
1-2: Ball
2-2: Foul Ball, location: 2F
2-2: Strikes out swinging
Batting: RHB Baldomero Avino 0-0: Ground out 5-3 (Groundball, 56S)
Batting: LHB Sergio Muñóz 0-0: Foul Ball, location: 2F
0-1: Ball
1-1: Swinging Strike
1-2: Ball
2-2: Ball
3-2: Ground out 4-3 (Groundball, 4S)
Top of the 1st over - 0 runs, 0 hits, 0 errors, 0 left on base; Panama City 0 - Boston 0
BOTTOM OF THE 1ST
Boston Patriots batting - Pitching for Panama City Piranhas : RHP John Dempsey
Pitching: RHP John Dempsey
Batting: RHB Miguel Márquez 0-0: Swinging Strike
0-1: Ball
1-1: Foul Ball, location: 2F
1-2: Strikes out swinging
Batting: RHB Tommy Jones 0-0: Ball
1-0: SINGLE (Flyball, 89S)
Batting: RHB Karl Schultz 0-0: Ball
1-0: DOUBLE (Flyball, 8RXD)
Tommy Jones to third
Runner from 3rd tries for Home, SAFE, no throw
Batting: RHB Terry Armstrong 0-0: Foul Ball, location: 2F
0-1: Ball
1-1: Ball
2-1: Swinging Strike
2-2: Foul Ball, location: 2F
2-2: Ball
3-2: Base on Balls
Batting: RHB Tamasaburo Kato 0-0: Foul Ball, location: 2F
0-1: Ball
1-1: Called Strike
1-2: Ball
2-2: Strikes out swinging
Batting: SHB Jorge Velázquez 0-0: Swinging Strike
0-1: Foul Ball, location: 2F
0-2: Strikes out swinging
Bottom of the 1st over - 1 run, 2 hits, 0 errors, 2 left on base; Panama City 0 - Boston 1
TOP OF THE 2ND
Panama City Piranhas batting - Pitching for Boston Patriots : RHP John Kaufman
Batting: RHB Cale Sutton 0-0: Called Strike
0-1: Swinging Strike
0-2: Ball
1-2: Foul Ball, location: 2F
1-2: Foul Ball, location: 2F
1-2: Ball
2-2: Foul Ball, location: 2F
2-2: Strikes out swinging
Batting: LHB Jack Sutherland 0-0: Ball
1-0: Ball
2-0: Swinging Strike
2-1: Foul Ball, location: 2F
2-2: Ball
3-2: Foul Ball, location: 2F
3-2: Base on Balls
Batting: RHB Andy Putman 0-0: Called Strike
Jack Sutherland steals 2nd base
0-1: Ball
1-1: Ball
2-1: Called Strike
2-2: Foul Ball, location: 2F
2-2: Strikes out looking
Batting: RHB Armando Alvarado 0-0: Foul Ball, location: 2F
0-1: Called Strike
0-2: Foul Ball, location: 2F
0-2: Foul Ball, location: 2F
0-2: Ground out 4-3 (Groundball, 4)
Top of the 2nd over - 0 runs, 0 hits, 0 errors, 1 left on base; Panama City 0 - Boston 1
BOTTOM OF THE 2ND
Boston Patriots batting - Pitching for Panama City Piranhas : RHP John Dempsey
Batting: RHB Alfredo García 0-0: Called Strike
0-1: SINGLE (Line Drive, 89S)
Batting: RHB Eddie O'Bryan 0-0: Called Strike
0-1: Foul Ball, location: 2F
0-2: Foul Ball, location: 2F
0-2: Strikes out swinging
Batting: RHB Juan Tapia 0-0: SINGLE (Line Drive, 7S)
Alfredo García to second
Batting: RHB Miguel Márquez 0-0: Foul Ball, location: 2F
0-1: Foul Ball, location: 2F
0-2: SINGLE (Groundball, 6MD)
Alfredo García to third
Juan Tapia to second
Runner from 3rd tries for Home, SAFE, no throw
Batting: RHB Tommy Jones 0-0: Ball
1-0: Called Strike
1-1: Called Strike
1-2: Ball
2-2: Strikes out swinging
Batting: RHB Karl Schultz 0-0: Foul Ball, location: 2F
0-1: Foul Ball, location: 2F
0-2: Foul Ball, location: 2F
0-2: Fly out, F5 (Popup, 5S)
Bottom of the 2nd over - 1 run, 3 hits, 0 errors, 2 left on base; Panama City 0 - Boston 2
TOP OF THE 3RD
Panama City Piranhas batting - Pitching for Boston Patriots : RHP John Kaufman
Batting: RHB Fernando Silva 0-0: Called Strike
0-1: Ball
1-1: Ball
2-1: Foul Ball, location: 2F
2-2: Foul Ball, location: 2F
2-2: Fly out, F7 (Flyball, 7LM)
Batting: RHB Darrell Terwey 0-0: Called Strike
0-1: Ball
1-1: Swinging Strike
1-2: Strikes out looking
Batting: RHB Juan Jose Ayala 0-0: Ball
1-0: Swinging Strike
1-1: Swinging Strike
1-2: Ball
2-2: Ball
3-2: Foul Ball, location: 2F
3-2: Fly out, F8 (Flyball, 89D)
Top of the 3rd over - 0 runs, 0 hits, 0 errors, 0 left on base; Panama City 0 - Boston 2
BOTTOM OF THE 3RD
Boston Patriots batting - Pitching for Panama City Piranhas : RHP John Dempsey
Batting: RHB Terry Armstrong 0-0: DOUBLE (Groundball, 5L)
Batting: RHB Tamasaburo Kato 0-0: Foul Ball, location: 2F
0-1: Swinging Strike
0-2: Ball
1-2: Ball
2-2: Ground out 1-3 (Groundball, 15S)
Batting: SHB Jorge Velázquez 0-0: Ball
1-0: Ball
2-0: Ball
3-0: Base on Balls
Batting: RHB Alfredo García 0-0: Ball
1-0: Fly out, F9 (Flyball, 9LSF)
Batting: RHB Eddie O'Bryan 0-0: Foul Ball, location: 2F
0-1: Fly out, F9 (Flyball, 9)
Bottom of the 3rd over - 0 runs, 1 hit, 0 errors, 2 left on base; Panama City 0 - Boston 2
TOP OF THE 4TH
Panama City Piranhas batting - Pitching for Boston Patriots : RHP John Kaufman
Batting: RHB Baldomero Avino 0-0: Called Strike
0-1: Ball
1-1: Foul Ball, location: 2F
1-2: Ball
2-2: Ball
3-2: Fly out, F5 (Popup, 56S)
Batting: LHB Sergio Muñóz 0-0: Called Strike
0-1: Swinging Strike
0-2: Strikes out swinging
Batting: RHB Cale Sutton 0-0: Ball
1-0: Foul Ball, location: 2F
1-1: Ball
2-1: Foul Ball, location: 2F
2-2: Ground out 4-3 (Groundball, 4)
Top of the 4th over - 0 runs, 0 hits, 0 errors, 0 left on base; Panama City 0 - Boston 2
BOTTOM OF THE 4TH
Boston Patriots batting - Pitching for Panama City Piranhas : RHP John Dempsey
Batting: RHB Juan Tapia 0-0: Foul Ball, location: 2F
0-1: Called Strike
0-2: Strikes out swinging
Batting: RHB Miguel Márquez 0-0: Foul Ball, location: 2F
0-1: Called Strike
0-2: Foul Ball, location: 2F
0-2: Strikes out swinging
Batting: RHB Tommy Jones 0-0: Ball
1-0: Foul Ball, location: 2F
1-1: Ball
2-1: Foul Ball, location: 2F
2-2: Foul Ball, location: 2F
2-2: SINGLE (Line Drive, 56D)
Batting: RHB Karl Schultz 0-0: Ball
1-0: Swinging Strike
1-1: Ball
2-1: Swinging Strike
2-2: Strikes out swinging
Bottom of the 4th over - 0 runs, 1 hit, 0 errors, 1 left on base; Panama City 0 - Boston 2
TOP OF THE 5TH
Panama City Piranhas batting - Pitching for Boston Patriots : RHP John Kaufman
Batting: LHB Jack Sutherland 0-0: Called Strike
0-1: Ball
1-1: Called Strike
1-2: Ground out 5-3 (Groundball, 56S)
Batting: RHB Andy Putman 0-0: Ball
1-0: Called Strike
1-1: Ball
2-1: Called Strike
2-2: Strikes out looking
Batting: RHB Armando Alvarado 0-0: Foul Ball, location: 2F
0-1: Foul Ball, location: 2F
0-2: Foul Ball, location: 2F
0-2: SINGLE (Line Drive, 6M)
Batting: RHB Fernando Silva 0-0: Ball
1-0: Foul Ball, location: 2F
1-1: Ground out 4-3 (Groundball, 4)
Top of the 5th over - 0 runs, 1 hit, 0 errors, 1 left on base; Panama City 0 - Boston 2
BOTTOM OF THE 5TH
Boston Patriots batting - Pitching for Panama City Piranhas : RHP John Dempsey
Batting: RHB Terry Armstrong 0-0: Ball
1-0: Ball
2-0: Called Strike
2-1: Ground out 5-3 (Groundball, 56)
Batting: RHB Tamasaburo Kato 0-0: Ball
1-0: Called Strike
1-1: Ball
2-1: Foul Ball, location: 2F
2-2: Ball
3-2: Foul Ball, location: 2F
3-2: Base on Balls
Batting: SHB Jorge Velázquez 0-0: Called Strike
0-1: Swinging Strike
0-2: Ball
1-2: Strikes out looking
Batting: RHB Alfredo García 0-0: Ball
1-0: Foul Ball, location: 2F
1-1: Ground out 1-3 (Groundball, 13S)
Bottom of the 5th over - 0 runs, 0 hits, 0 errors, 1 left on base; Panama City 0 - Boston 2
TOP OF THE 6TH
Panama City Piranhas batting - Pitching for Boston Patriots : RHP John Kaufman
Batting: RHB Darrell Terwey 0-0: Swinging Strike
0-1: Foul Ball, location: 2F
0-2: Ground out 6-3 (Groundball, 6)
Batting: RHB Juan Jose Ayala 0-0: Ball
1-0: Swinging Strike
1-1: Ball
2-1: Foul Ball, location: 2F
2-2: Fly out, F7 (Line Drive, 78S)
Batting: RHB Baldomero Avino 0-0: Ball
1-0: SINGLE (Line Drive, 6MD)
Pitching: RHP Doug Carlton
Batting: LHB Sergio Muñóz 0-0: Foul Ball, location: 2F
0-1: TRIPLE (Line Drive, 8LXD)
Baldomero Avino scores
Batting: RHB Cale Sutton 0-0: Ball
1-0: Foul Ball, location: 2F
1-1: Called Strike
1-2: Fly out, F8 (Flyball, 8RS)
Top of the 6th over - 1 run, 2 hits, 0 errors, 1 left on base; Panama City 1 - Boston 2
BOTTOM OF THE 6TH
Boston Patriots batting - Pitching for Panama City Piranhas : RHP John Dempsey
Batting: RHB Eddie O'Bryan 0-0: Swinging Strike
0-1: Foul Ball, location: 2F
0-2: Ball
1-2: Ball
2-2: DOUBLE (Groundball, 5L)
Batting: RHB Juan Tapia 0-0: Ball
1-0: Called Strike
1-1: Foul Ball, location: 2F
1-2: Strikes out swinging
Pitching: RHP José Alaniz
Batting: RHB Miguel Márquez 0-0: Swinging Strike
0-1: Ground out U3 (Groundball, 34)
Eddie O'Bryan to third
Batting: RHB Tommy Jones 0-0: Ball
1-0: Ball
2-0: Ball
3-0: Called Strike
3-1: Foul Ball, location: 2F
3-2: Fly out, F6 (Line Drive, 6)
Bottom of the 6th over - 0 runs, 1 hit, 0 errors, 1 left on base; Panama City 1 - Boston 2
TOP OF THE 7TH
Panama City Piranhas batting - Pitching for Boston Patriots : RHP Doug Carlton
Pitching: RHP Jorge Aguirre
Batting: LHB Jack Sutherland 0-0: Called Strike
0-1: Ball
1-1: Ball
2-1: Fly out, F4 (Line Drive, 4M)
Batting: RHB Andy Putman 0-0: Swinging Strike
0-1: SOLO HOME RUN (Flyball, 9LD), Distance : 348 ft
Pitching: RHP Rick Converse
Batting: RHB Armando Alvarado 0-0: Ball
1-0: Called Strike
1-1: Called Strike
1-2: Foul Ball, location: 2F
1-2: Strikes out swinging
Batting: RHB Fernando Silva 0-0: Ball
1-0: Swinging Strike
1-1: Ball
2-1: Called Strike
2-2: Fly out, F7 (Flyball, 78D)
Top of the 7th over - 1 run, 1 hit, 0 errors, 0 left on base; Panama City 2 - Boston 2
BOTTOM OF THE 7TH
Boston Patriots batting - Pitching for Panama City Piranhas : RHP José Alaniz
Batting: RHB Karl Schultz 0-0: Ball
1-0: Called Strike
1-1: Ground out 5-3 (Groundball, 25)
Batting: RHB Terry Armstrong 0-0: Ground out 6-3 (Groundball, 6)
Batting: RHB Tamasaburo Kato 0-0: Foul Ball, location: 2F
0-1: Fly out, F9 (Flyball, 9)
Bottom of the 7th over - 0 runs, 0 hits, 0 errors, 0 left on base; Panama City 2 - Boston 2
TOP OF THE 8TH
Panama City Piranhas batting - Pitching for Boston Patriots : RHP Rick Converse
Pinch Hitting: SHB Tsing Guao 0-0: Swinging Strike
0-1: Ball
1-1: Called Strike
1-2: Foul Ball, location: 2F
1-2: Ball
2-2: Foul Ball, location: 2F
2-2: Ball
3-2: SINGLE (Groundball, 4D)
Batting: RHB Juan Jose Ayala 0-0: Swinging Strike
0-1: Ball
1-1: Ball
2-1: Foul Ball, location: 2F
2-2: Strikes out swinging
Batting: RHB Baldomero Avino 0-0: SINGLE (Groundball, 6MD)
Tsing Guao to second
Batting: LHB Sergio Muñóz 0-0: Fly out, F8 (Flyball, 8LD)
Batting: RHB Cale Sutton 0-0: Ball
1-0: Foul Ball, location: 2F
1-1: Ball
2-1: Fly out, F7 (Flyball, 7LM)
Top of the 8th over - 0 runs, 2 hits, 0 errors, 2 left on base; Panama City 2 - Boston 2
BOTTOM OF THE 8TH
Boston Patriots batting - Pitching for Panama City Piranhas : RHP José Alaniz
Now in LF: Bill Tan
Batting: SHB Jorge Velázquez 0-0: Foul Ball, location: 2F
0-1: Called Strike
0-2: Foul Ball, location: 2F
0-2: Ball
1-2: Ball
2-2: Ball
3-2: Fly out, F8 (Flyball, 89S)
Batting: RHB Alfredo García 0-0: Swinging Strike
0-1: Foul Ball, location: 2F
0-2: Ground out 5-3 (Groundball, 56)
Batting: RHB Eddie O'Bryan 0-0: Called Strike
0-1: Ball
1-1: Ground out 6-3 (Groundball, 6)
Bottom of the 8th over - 0 runs, 0 hits, 0 errors, 0 left on base; Panama City 2 - Boston 2
TOP OF THE 9TH
Panama City Piranhas batting - Pitching for Boston Patriots : RHP Rick Converse
Pitching: RHP Folkert van Huizen
Batting: LHB Jack Sutherland 0-0: Foul Ball, location: 2F
0-1: Ball
1-1: Foul Ball, location: 2F
1-2: Ball
2-2: Foul Ball, location: 2F
2-2: Ball
3-2: Foul Ball, location: 2F
3-2: Ground out 6-3 (Groundball, 6M)
Batting: RHB Andy Putman 0-0: Called Strike
0-1: Ball
1-1: Ball
2-1: Foul Ball, location: 2F
2-2: SINGLE (Line Drive, 9S)
Batting: RHB Armando Alvarado 0-0: Ball
1-0: Called Strike
1-1: Ball
2-1: Foul Ball, location: 2F
2-2: Foul Ball, location: 2F
2-2: Strikes out swinging
Batting: RHB Fernando Silva 0-0: Ball
1-0: Swinging Strike
1-1: Swinging Strike
1-2: Foul Ball, location: 2F
1-2: Foul Ball, location: 2F
1-2: Ball
2-2: Ball
Andy Putman is caught stealing 2nd base
Top of the 9th over - 0 runs, 1 hit, 0 errors, 0 left on base; Panama City 2 - Boston 2
BOTTOM OF THE 9TH
Boston Patriots batting - Pitching for Panama City Piranhas : RHP José Alaniz
Pitching: RHP Mark Valle
Pinch Hitting: LHB Timmy Appeldoorn 0-0: Ball
1-0: Called Strike
1-1: SINGLE (Flyball, 8LS)
Batting: RHB Miguel Márquez 0-0: Bunt missed!
0-1: Sac Bunt - play at first, batter OUT! 3-4
Timmy Appeldoorn to second
Batting: RHB Tommy Jones 0-0: Intentional Walk
Batting: RHB Karl Schultz 0-0: Ball
1-0: Foul Ball, location: 2F
1-1: Called Strike
1-2: Ball
2-2: Strikes out looking
Batting: RHB Terry Armstrong 0-0: Ball
1-0: Called Strike
1-1: Called Strike
1-2: Fly out, F5 (Line Drive, 5S)
Bottom of the 9th over - 0 runs, 1 hit, 0 errors, 2 left on base; Panama City 2 - Boston 2
TOP OF THE 10TH
Panama City Piranhas batting - Pitching for Boston Patriots : RHP Folkert van Huizen
Pitching: LHP Eugene Clarkston
Now at C: Timmy Appeldoorn
Batting: RHB Fernando Silva 0-0: Called Strike
0-1: Reached on error, E1 (Groundball, 13S)
Batting: RHB Bill Tan 0-0: Bunted foul
Pickoff Throw to First - Out!
0-1: Called Strike
0-2: Ball
1-2: Ball
2-2: SINGLE (Groundball, 56D)
Batting: RHB Juan Jose Ayala 0-0: Ball
1-0: SINGLE (Line Drive, 8RS)
Bill Tan to second
Batting: RHB Baldomero Avino 0-0: Ball
1-0: Ball
2-0: Hit by Pitch
Bill Tan to third
Juan Jose Ayala to second
Batting: LHB Sergio Muñóz 0-0: Called Strike
0-1: Called Strike
0-2: Fly out, F7 (Flyball, 7)
Runner from 3rd tags up, OUT at HOME
Top of the 10th over - 0 runs, 2 hits, 1 error, 2 left on base; Panama City 2 - Boston 2
BOTTOM OF THE 10TH
Boston Patriots batting - Pitching for Panama City Piranhas : RHP Mark Valle
Batting: RHB Tamasaburo Kato 0-0: Ball
1-0: Ball
2-0: Foul Ball, location: 2F
2-1: SINGLE (Groundball, 56S) (infield hit)
Batting: SHB Jorge Velázquez 0-0: DOUBLE (Flyball, 8LXD)
Tamasaburo Kato to third
Batting: RHB Alfredo García 0-0: Ball
1-0: Swinging Strike
1-1: Ball
2-1: Ball
3-1: Called Strike
3-2: Base on Balls
Batting: RHB Eddie O'Bryan 0-0: Reached on error, E3 (Groundball, 34S)
Tamasaburo Kato scores
Tuesday, December 19th, 2017 - OOTP Baseball 18.8 Build 76